 5690 dacat99 the Cleaver (level 10, -8/86 HPs)
             Began as a Minotaur Fighter on Apr 20, 2023.
             Was an Elder of Uskayaw.
             Mangled by an ice beast (14 damage)
             ... on level 9 of the Dungeon.
             The game lasted 00:37:45 (10768 turns).

Dungeon Crawl Stone Soup version 0.30-a0-1114-gd936c97349 (webtiles) character file.

Game seed: 16282090746274933319

dacat99 the Cleaver (Minotaur Fighter)             Turns: 10768, Time: 00:37:46

Health: -8/86      AC:  8    Str: 25    XL:     10   Next: 47%
Magic:  15/15      EV: 11    Int:  5    God:    Uskayaw [****..]
Gold:   547        SH:  4    Dex: 10    Spells: 9/9 levels left

rFire   . . .      SeeInvis .    a - +0 war axe
rCold   . . .      Faith    .    c - +0 buckler
rNeg    . . .      Spirit   .    k - +1 acid dragon scales
rPois   .          Reflect  .    (helmet restricted)
rElec   .          Rampage  .    p - scarf {shadows}
rCorr   +                        (no gloves)
Will    .....                    (no boots)
Stlth   +                        (no amulet)
HPRegen 0.34/turn                C - ring of flight
MPRegen 0.14/turn                (no ring)

@: about to teleport, flying
A: horns 2, retaliatory headbutt
a: Renounce Religion, Stomp, Line Pass


   Skills:
 + Level 7.4 Fighting
 + Level 12.3 Axes
 - Level 2.3 Throwing
 - Level 5.0 Armour
 - Level 3.0 Dodging
 - Level 4.0 Shields
 + Level 8.4 Invocations
 + Level 3.7 Evocations

Action                     |  1- 3 |  4- 6 |  7- 9 | 10-12 || total
---------------------------+-------+-------+-------+-------++-------
  Melee: War axe           |    97 |    94 |   329 |    59 ||   579
         Headbutt          |    16 |    12 |    48 |    12 ||    88
  Throw: Stone             |     2 |       |       |       ||     2
         Dart              |       |     2 |    13 |     7 ||    22
         Boomerang         |       |       |       |     4 ||     4
  Evoke: Wand              |       |       |     2 |       ||     2
    Use: Potion            |       |     2 |     3 |       ||     5
         Scroll            |       |       |     7 |     1 ||     8
   Stab: Paralysed         |       |       |     8 |     3 ||    11
 Armour: Scale mail        |    39 |    18 |       |       ||    57
         Chain mail        |       |    25 |   139 |       ||   164
         Acid dragon scale |       |       |     2 |    14 ||    16
  Dodge: Dodged            |    42 |    22 |   127 |    31 ||   222
  Block: Buckler           |    14 |    18 |    65 |    13 ||   110


You had 9 spell levels left.
You didn't know any spells.
Your spell library contained the following spells:

 Spells                   Type           Power      Damage    Failure   Level
 Beastly Appendage        Tmut           0%         N/A       63%         1
 Ensorcelled Hibernation  Hex/Ice        0%         N/A       77%         2
 Wereblood                Tmut           0%         N/A       77%         2
 Portal Projectile        Hex/Tloc       0%         N/A       94%         3
 Spider Form              Tmut/Pois      0%         N/A       94%         3
 Tukima's Dance           Hex            0%         N/A       94%         3
 Anguish                  Hex/Necr       0%         N/A       100%        4
 Blade Hands              Tmut           0%         N/A       100%        5

Inventory:

Hand Weapons
 a - a +0 war axe (weapon)
Missiles
 l - 41 poisoned darts
 y - 2 atropa-tipped darts
 B - 10 boomerangs (quivered)
 D - a curare-tipped dart
Armour
 c - a +0 buckler (worn)
 k - +1 acid dragon scales (worn)
   (You took it off Maggie on level 9 of the Dungeon)
 p - a scarf of shadows (worn)
   (You found it on level 3 of the Dungeon)
 w - a +0 chain mail
   (You took it off an orc on level 3 of the Dungeon)
Jewellery
 C - a ring of flight (left hand)
   (You found it on level 7 of the Dungeon)
Wands
 f - a wand of acid (4) {@v2}
   (You found it on level 9 of the Dungeon)
 q - a wand of charming (5)
   (You found it on level 5 of the Dungeon)
 z - a wand of digging (6) {@v1}
   (You took it off a kobold brigand on level 6 of the Dungeon)
 E - a wand of polymorph (14)
   (You took it off a kobold on level 8 of the Dungeon)
Scrolls
 d - a scroll of immolation
 i - a scroll of noise {unknown}
 m - 2 scrolls of fear
 o - a scroll of amnesia {unknown}
 s - 2 scrolls of enchant weapon
 t - a scroll of silence {unknown}
 u - a scroll of brand weapon {unknown}
 A - a scroll of butterflies
 F - 2 scrolls of poison {unknown}
Potions
 b - 2 potions of degeneration {unknown}
 e - a potion of lignification {unknown}
 g - 5 potions of curing {unknown}
 h - a potion of invisibility {unknown}
 j - 2 potions of attraction {unknown}
 r - 2 potions of ambrosia
 v - 4 potions of cancellation {unknown}
 x - 4 potions of brilliance {unknown}


Innate Abilities, Weirdness & Mutations

You have a pair of horns on your head.
You reflexively headbutt those who attack you in melee.


You were on level 9 of the Dungeon.
You worshipped Uskayaw.
Uskayaw was aware of your devotion.
You visited 2 branches of the dungeon, and saw 10 of its levels.

You collected 547 gold pieces.

Dungeon Overview and Level Annotations

Branches:
Dungeon (9/15)             Temple (1/1) D:7             Orc (0/2) D:9
   Lair: D:8-11

Altars:
Ashenzari
Cheibriados
Dithmenos
Elyvilon
Fedhas
Gozag
Hepliaklqana
Kikubaaqudgha
Makhleb
Nemelex Xobeh
Okawaru
Qazlal
Ru
Sif Muna
Trog
Uskayaw
Vehumet
Wu Jian
Xom
Yredelemnul
Zin
The Shining One

Shops:
D:3 (   D:4 =   D:6 :

Annotations:
D:9 hgbash's ghost, novice OpCj

Notes
Turn   | Place    | Note
-------+----------+-------------------------------------------
     0 | D:1      | dacat99 the Minotaur Fighter began the quest for the Orb.
     0 | D:1      | Reached XP level 1. HP: 19/19 MP: 0/0
   287 | D:1      | Reached skill level 3 in Axes
   317 | D:1      | Reached XP level 2. HP: 26/26 MP: 1/1
   499 | D:1      | Reached skill level 4 in Axes
   835 | D:1      | Reached XP level 3. HP: 31/31 MP: 2/2
  1665 | D:2      | Reached skill level 5 in Axes
  1967 | D:2      | Found a faded altar of an unknown god.
  2308 | D:3      | Reached XP level 4. HP: 39/39 MP: 3/3
  2391 | D:3      | Found Dilon's Weapon Shoppe.
  2413 | D:3      | Noticed Grinder
  2419 | D:3      | Paralysed by Grinder for 4 turns
  2424 | D:3      | Killed Grinder
  2425 | D:3      | Reached skill level 7 in Axes
  2425 | D:3      | Reached XP level 5. HP: 15/45 MP: 4/4
  2425 | D:3      | Reached XP level 6. HP: 17/51 MP: 5/5
  2665 | D:3      | Reached skill level 8 in Axes
  3725 | D:4      | Reached skill level 9 in Axes
  3787 | D:4      | Reached XP level 7. HP: 43/57 MP: 6/6
  3889 | D:4      | Found Civuucu's Jewellery Boutique.
  4391 | D:5      | Entered Level 5 of the Dungeon
  4517 | D:5      | Reached skill level 10 in Axes
  4985 | D:5      | Reached XP level 8. HP: 66/66 MP: 7/7
  5127 | D:6      | Found Efuked's Tiny Tomes.
  5153 | D:6      | Noticed Eustachio
  5242 | D:6      | Killed Eustachio
  5332 | D:6      | Reached skill level 5 in Fighting
  5332 | D:6      | Reached skill level 5 in Armour
  6032 | D:6      | Reached skill level 1 in Throwing
  6500 | D:6      | Reached skill level 11 in Axes
  6557 | D:7      | Found a staircase to the Ecumenical Temple.
  6573 | Temple   | Entered the Ecumenical Temple
  6665 | Temple   | Became a worshipper of Uskayaw the Reveller
  6709 | D:7      | Reached * piety under Uskayaw
  6714 | D:7      | Reached ** piety under Uskayaw
  6716 | D:7      | Reached *** piety under Uskayaw
  6718 | D:7      | Reached skill level 1 in Invocations
  6720 | D:7      | Reached **** piety under Uskayaw
  6723 | D:7      | Reached XP level 9. HP: 27/75 MP: 7/9
  8201 | D:8      | Reached skill level 12 in Axes
  8383 | D:8      | Reached skill level 5 in Invocations
  9091 | D:9      | Noticed Maggie
  9104 | D:9      | Noticed a two-headed ogre
  9301 | D:9      | Killed Maggie
  9454 | D:9      | Found a runed translucent gate.
  9454 | D:9      | Found a runed translucent gate.
  9512 | D:9      | Found a runed translucent gate.
  9520 | D:9      | Reached XP level 10. HP: 81/84 MP: 14/14
  9530 | D:9      | Killed a two-headed ogre
  9883 | D:9      | Noticed hgbash's ghost (novice OpCj)
  9968 | D:9      | Found a glowing silver altar of Zin.
  9968 | D:9      | Noticed an angel
 10060 | D:9      | Found a staircase to the Orcish Mines.
 10767 | D:9      | HP: 7/86 [hgbash's ghost (4)]
 10768 | D:9      | Mangled by an ice beast

Skill      XL: |  1  2  3  4  5  6  7  8  9 10 |
---------------+-------------------------------+-----
Axes           | 3 4 5 7 9 10 11 12 | 12.3
Shields        | 4 |  4.0
Evocations     | 3 |  3.7
Fighting       | 4 6 7 |  7.4
Armour         | 4 5 |  5.0
Throwing       | 2 |  2.3
Invocations    | 1 7 8 |  8.4
Dodging        | 3 |  3.0

Levels and vault maps discovered:
D:1:      elethiomel_arrival_shortcut, layout_basic,
          nicolae_figureground_sparkle
D:2:      layout_rooms, serial_forest, infiniplex_forest_clump_curved,
          infiniplex_forest_clump_small, infiniplex_forest_straight_5,
          infiniplex_forest_clump_large, infiniplex_forest_straight_5,
          infiniplex_forest_side_room, chequers_ecumenical_altar_island,
          corexii_hall_statues_t
D:3:      layout_basic, serial_shops, nicolae_shop_hallway_stairs, uniq_grinder
D:4:      layout_basic, serial_shops, shop, minmay_misc_feat_cross
D:5:      layout_rooms
D:6:      wad_crossroads, layout_loops_cross,
          nicolae_shop_i_like_small_books_too, minmay_misc_feat_rugged,
          dk_rats_in_the_wall, uniq_eustachio
D:7:      layout_layer_cave, minmay_temple_entry_ruins, enter_bailey_8,
          minmay_misc_feat_more_columns
D:8:      layout_cave_pools
D:9:      layout_long_grid, zin_angel, orc_0_dummy, gammafunk_ghost_icy,
          uniq_maggie
Temple:   compressed_dpeg_circular_temple

Vanquished Creatures
  A two-headed ogre (D:9)
  Maggie (D:9)
  A rime drake (D:9)
  A hornet (D:9)
  Grinder (D:3)
  A wyvern (D:7)
  Eustachio (D:6)
  2 water moccasins
  2 orc warriors
  2 black bears (D:5)
  4 ice beasts
  An ogre (D:5)
  A centaur (D:8)
  A phantom (D:6)
  4 kobold brigands
  3 bullfrogs
  3 scorpions
  9 wights
  13 killer bees
  2 howler monkeys (D:8)
  2 hounds
  3 orc priests
  A jelly (D:6)
  A gnoll bouda (D:6)
  A sleepcap (D:5)
  3 iguanas
  10 orc wizards
  9 gnolls
  8 adders
  2 shadow imps
  2 white imps (D:9)
  2 worms
  3 dart slugs
  44 orcs
  7 ball pythons
  17 endoplasms
  2 giant cockroaches (D:3)
  6 goblins
  4 hobgoblins
  5 jackals
  2 quokkas (D:3)
  6 bats
  3 frilled lizards
  23 kobolds
  4 rats
224 creatures vanquished.

Vanquished Creatures (others)
  An orc warrior (D:9)
1 creature vanquished.

Grand Total: 225 creatures vanquished
